 Dungeon Crawl Stone Soup version 0.29.0-4-gdea44cf6ec (webtiles) character file.

Game seed: 8725749687253193542

25 qw the Vexing (level 3, -4/35 HPs)
             Began as an Ogre Enchanter on Sept 3, 2022.
             Slain by a gnoll
             ... wielding a +0 whip
              (7 damage)
             ... on level 2 of the Dungeon.
             The game lasted 00:01:04 (1982 turns).

qw the Vexing (Ogre Enchanter)                      Turns: 1982, Time: 00:01:04

Health: -4/35      AC:  3    Str: 14    XL:     3   Next: 4%
Magic:  6/6        EV:  9    Int: 16    God:
Gold:   49         SH:  0    Dex:  9    Spells: 6/6 levels left

rFire   . . .      SeeInvis .   c - +0 whip
rCold   . . .      Faith    .   (no shield)
rNeg    . . .      Spirit   .   b - +0 robe
rPois   .          Reflect  .   (helmet restricted)
rElec   .          Harm     .   (no cloak)
rCorr   .          Rampage  .   (gloves unavailable)
Will    .....                   (boots unavailable)
Stlth   ++........              k - amulet of regeneration
HPRegen 0.91/turn               (no ring)
MPRegen 0.10/turn               (no ring)

@: lethally poisoned (-4 -> -8)
A: large, unfitting armour, tough skin 1
a: no special abilities


You were on level 2 of the Dungeon.
You visited 1 branch of the dungeon, and saw 2 of its levels.

You collected 49 gold pieces.


Innate Abilities, Weirdness & Mutations

You are too large for most types of armour.
You have tough skin. (AC +1)


   Skills:
 + Level 1.9 Fighting
 - Level 0.8 Short Blades
 - Level 2.0 Axes
 - Level 1.7 Dodging
 - Level 2.1 Stealth
 - Level 2.4 Spellcasting
 - Level 2.6 Hexes


You had 6 spell levels left.
You didn't know any spells.
Your spell library contained the following spells:

 Spells                   Type           Power      Damage    Failure   Level
 Ensorcelled Hibernation  Hex/Ice        12%        N/A       17%         2
 Confusing Touch          Hex            10%        N/A       21%         3
 Tukima's Dance           Hex            10%        N/A       21%         3
 Dazzling Flash           Conj/Hex       12%        N/A       34%         3

Inventory:

Hand Weapons
 c - a +0 whip (weapon)
Armour
 b - a +0 robe (worn)
Jewellery
 k - an amulet of regeneration (around neck)
Potions
 a - a potion of might {unknown}
 d - a potion of attraction {unknown}
 e - a potion of haste {unknown}
 f - a potion of berserk rage {unknown}
 g - a potion of curing {unknown}
 h - a potion of resistance {unknown}
 j - a potion of lignification {unknown}

Dungeon Overview and Level Annotations

Branches:
Dungeon (2/15)

Altars:

Shops:
D:1 (


Message History

1969 ||| Stepping ~*~*~tactically~*~*~ (outnumbered).
The hobgoblin attacks as you move away! The hobgoblin hits you.
1970 ||| Stepping ~*~*~tactically~*~*~ (hiding).
You hit the hobgoblin.
The hobgoblin is heavily wounded.
The hobgoblin hits you.
1972 ||| Stepping ~*~*~tactically~*~*~ (hiding).
You barely miss the hobgoblin.
The hobgoblin is heavily wounded.
The hobgoblin misses you. The hobgoblin hits you.
The gnoll hits you with a +0 club.
1974 ||| Stepping ~*~*~tactically~*~*~ (outnumbered).
1975 ||| Stepping ~*~*~tactically~*~*~ (outnumbered).
The gnoll attacks as you move away! The gnoll hits you with a +0 club.
1976 ||| Stepping ~*~*~tactically~*~*~ (outnumbered).
1977 ||| Stepping ~*~*~tactically~*~*~ (outnumbered).
The hobgoblin attacks as you move away! The hobgoblin closely misses you.
You hit the hobgoblin.
You kill the hobgoblin!
The gnoll hits you with a +0 club.
You closely miss the adder. The adder bites you but does no damage.
The gnoll hits you from afar with a +0 spear.
The adder closely misses you.
You barely miss the adder. The adder bites you. The gnoll closely misses you.
The gnoll hits you from afar with a +0 spear.
You hit the gnoll.
The gnoll is lightly wounded.
The adder bites you.
You are poisoned.
The adder poisons you! The gnoll hits you with a +0 whip.
The gnoll hits you with a +0 club! The gnoll closely misses you.
You hit the gnoll.
The gnoll is heavily wounded.
You feel sick. The adder bites you.
You are lethally poisoned!
The adder poisons you! The gnoll barely misses you.
The gnoll hits you with a +0 whip!
You die...

###### #######....#
##...@g...# ##.
#...gS.g..# ..
#......g..# .. .
#........K.# .# ..
#.#........# #.##... #
#........# ##.......
..........####........
###...........gK.......
#######.##..g........


You could see 4 gnolls, an adder and a kobold.

Vanquished Creatures
  6 ball pythons
  An endoplasm (D:1)
  2 giant cockroaches (D:1)
  3 goblins
  A hobgoblin (D:2)
  2 kobolds
  2 quokkas
  3 bats
  A rat (D:2)
21 creatures vanquished.

Notes
Turn   | Place    | Note
-------+----------+-------------------------------------------
     0 | D:1      | qw the Ogre Enchanter began the quest for the Orb.
     0 | D:1      | Reached XP level 1. HP: 16/16 MP: 3/3
     0 | D:1      | 0 ||| qw: Version: 0.1-a-102-g441f92d
     0 | D:1      | 0 ||| qw: Game counter: 5259
     0 | D:1      | 0 ||| qw: Always use a shield: true
     0 | D:1      | 0 ||| qw: God list: Okawaru
     0 | D:1      | 0 ||| qw: Allow faded altars: false
     0 | D:1      | 0 ||| qw: Do Orc after D:15 true
     0 | D:1      | 0 ||| qw: Do second Lair branch before Depths: true
     0 | D:1      | 0 ||| qw: Lair rune preference: random
     0 | D:1      | 0 ||| qw: Plans: Normal
     0 | D:1      | 0 ||| PLANNING D:1-11
   395 | D:1      | Reached skill level 1 in Axes
   505 | D:1      | Found a faded altar of an unknown god.
   618 | D:1      | Reached skill level 1 in Fighting
   844 | D:1      | Found Uwupryicw's Antique Weapon Emporium.
   852 | D:1      | 852 ||| SHOPLISTING glowing morningstar (126 gold, have
                  | 28).
   880 | D:1      | Reached XP level 2. HP: 11/27 MP: 5/5
  1052 | D:1      | 1052 ||| SWAPPING to +0 club.
  1053 | D:1      | 1053 ||| DROPPING +1 dagger.
  1805 | D:1      | 1805 ||| DROPPING scarf of invisibility.
  1806 | D:1      | 1806 ||| UPGRADING to amulet of regeneration.
  1811 | D:1      | 1811 ||| READING scroll labelled IFOAST MITAHOH.
  1812 | D:1      | 1812 ||| DROPPING 2 potions of invisibility.
  1854 | D:2      | 1854 ||| STAIRDANCE
  1896 | D:2      | 1896 ||| Stepping ~*~*~tactically~*~*~ (outnumbered).
  1901 | D:2      | 1901 ||| Stepping ~*~*~tactically~*~*~ (outnumbered).
  1924 | D:2      | 1924 ||| SWAPPING to +0 whip.
  1925 | D:2      | 1925 ||| DROPPING +0 club.
  1928 | D:2      | 1928 ||| Stepping ~*~*~tactically~*~*~ (stealth).
  1929 | D:2      | 1929 ||| Stepping ~*~*~tactically~*~*~ (stealth).
  1944 | D:2      | Reached XP level 3. HP: 35/35 MP: 6/6
  1965 | D:2      | 1965 ||| Stepping ~*~*~tactically~*~*~ (outnumbered).
  1966 | D:2      | 1966 ||| Stepping ~*~*~tactically~*~*~ (outnumbered).
  1967 | D:2      | 1967 ||| Stepping ~*~*~tactically~*~*~ (outnumbered).
  1968 | D:2      | 1968 ||| Stepping ~*~*~tactically~*~*~ (outnumbered).
  1969 | D:2      | 1969 ||| Stepping ~*~*~tactically~*~*~ (outnumbered).
  1970 | D:2      | 1970 ||| Stepping ~*~*~tactically~*~*~ (hiding).
  1972 | D:2      | 1972 ||| Stepping ~*~*~tactically~*~*~ (hiding).
  1974 | D:2      | 1974 ||| Stepping ~*~*~tactically~*~*~ (outnumbered).
  1975 | D:2      | 1975 ||| Stepping ~*~*~tactically~*~*~ (outnumbered).
  1976 | D:2      | 1976 ||| Stepping ~*~*~tactically~*~*~ (outnumbered).
  1977 | D:2      | 1977 ||| Stepping ~*~*~tactically~*~*~ (outnumbered).
  1981 | D:2      | HP: 4/35 [gnoll/+0 club (8)]
  1982 | D:2      | Slain by a gnoll

Levels and vault maps discovered:
D:1:      psy_arrival_radial02, layout_basic, serial_shops,
          nicolae_shop_crystal, dreamdust_ecumenical_altar_sealed_demon
D:2:      minmay_wonky_spiral, layout_rooms, kennysheep_generic_room_9

Skill      XL: |  1  2 |
---------------+-------+-----
Axes           | 1 2 |  2.0
Fighting       | 1 |  1.9
Short Blades   | |  0.8
Dodging        | |  1.7
Stealth        | |  2.1
Spellcasting   | |  2.4
Hexes          | |  2.6

Action                   || total
-------------------------++-------
Melee: Dagger            ||    48
       Club              ||    70
       Whip              ||    20
       Punch             ||     1
  Use: Scroll            ||     1
Armor: Robe              ||    71
Dodge: Dodged            ||    91

Table legend:
 A = Non-vault XP
 B = Vault XP
 C = Vault XP percentage of total XP
 D = Non-vault monster count
 E = Vault monster count
 F = Vault count percentage of total count
                 A         B        C        D         E       F
            +---------+---------+-------+---------+---------+-------
      Total |      36 |       0 |   0.0 |      21 |       0 |   0.0
            +---------+---------+-------+---------+---------+-------
        D:1 |      23 |       0 |   0.0 |      13 |       0 |   0.0
        D:2 |      13 |       0 |   0.0 |       8 |       0 |   0.0
            +---------+---------+-------+---------+---------+-------
